 Dungeon Crawl Stone Soup version 0.29-a0-207-gf982a884d8 (webtiles) character file.

Game seed: 1933218810395958599

4554 Zeldest the Frost Mage (level 10, -2/64 HPs)
             Began as an Octopode Chaos Knight on Feb 23, 2022.
             Was a Plaything of Xom.
             Slain by a killer bee (7 damage)
             ... on level 9 of the Dungeon.
             The game lasted 00:17:34 (10903 turns).

Zeldest the Frost Mage (Octopode Chaos Knight)     Turns: 10903, Time: 00:17:34

Health: -2/64      AC:  1    Str: 11    XL:     10   Next: 40%
Magic:  10/10      EV: 16    Int: 17    God:    Xom [......]
Gold:   216        SH:  0    Dex: 14    Spells: 6/9 levels left

rFire   + . .      SeeInvis .   m - +3 scimitar (flame)
rCold   + . .      Faith    .   (no shield)
rNeg    . . .      Spirit   .   (helmet restricted)
rPois   .          Reflect  .   (no amulet)
rElec   .          Harm     .   c - ring of protection from cold
rCorr   .          Rampage  .   t - ring of wizardry
Will    .....      Clarity  +   (no ring)
Stlth   ++........              (no ring)
HPRegen 0.20/turn               (no ring)
MPRegen 0.12/turn               (no ring)
                                (no ring)
                                (no ring)

@: no status effects
A: almost no armour, amphibious, 8 rings, camouflage 1, gelatinous body 1,
(nimble swimmer 1), tentacles, tentacle spike 1, clarity, clever 1, clumsy 1,
fire resistance 1, frail 1, mutation resistance 1, no potion heal 1
a: Renounce Religion


You were on level 9 of the Dungeon.
You worshipped Xom.
You were a very special plaything of Xom.
You visited 1 branch of the dungeon, and saw 9 of its levels.

You collected 562 gold pieces.
You spent 346 gold pieces at shops.

Inventory:

Hand Weapons
 a - a +2 dagger of venom
 b - a +0 short sword of holy wrath
 m - a +3 scimitar of flaming (weapon)
 w - a +2 spectral dagger
Missiles
 j - 6 curare-tipped darts (quivered)
 q - 3 throwing nets
Jewellery
 c - a ring of protection from cold (left tentacle)
 t - a ring of wizardry (right tentacle)
Wands
 d - a wand of acid (12)
 e - a wand of iceblast (2)
Scrolls
 f - a scroll of noise
 g - a scroll of magic mapping
 l - a scroll of fog
 o - 4 scrolls of blinking
 p - 4 scrolls of teleportation
 u - a scroll of torment
 v - a scroll of enchant weapon
 x - 2 scrolls of immolation
 A - a scroll of brand weapon
Potions
 i - 3 potions of brilliance
 k - 2 potions of resistance
 n - 2 potions of attraction
 r - a potion of berserk rage
 s - 4 potions of flight


   Skills:
 + Level 7.7 Fighting
 + Level 7.6 Long Blades
 - Level 2.5 Throwing
 + Level 7.4 Dodging
 + Level 8.1 Ice Magic


You had 6 spell levels left.
You knew the following spells:

 Your Spells              Type           Power      Damage    Failure   Level
a - Ozocubu's Armour      Ice            27%        N/A       1%          3

Your spell library contained the following spells:

 Spells                   Type           Power      Damage    Failure   Level
 Animate Skeleton         Necr           0%         N/A       10%         1
 Apportation              Tloc           0%         N/A       10%         1
 Pain                     Necr           0%         1d4       10%         1
 Summon Small Mammal      Summ           0%         N/A       10%         1
 Corpse Rot               Necr/Air       0%         N/A       14%         2
 Poisonous Vapours        Pois/Air       0%         N/A       14%         2
 Tukima's Dance           Hex            0%         N/A       26%         3
 Passage of Golubria      Tloc           0%         N/A       65%         4
 Agony                    Necr           0%         N/A       92%         5
 Excruciating Wounds      Necr           0%         N/A       92%         5
 Yara's Violent Unravell  Hex/Tmut       0%         3d3       92%         5
 Ozocubu's Refrigeration  Ice            13%        4d7       94%         7


Dungeon Overview and Level Annotations

Branches:
Dungeon (9/15)             Temple (0/1) D:5            Lair (0/6) D:8
    Orc: D:9-12

Altars:
Makhleb
Sif Muna
Uskayaw
Yredelemnul

Shops:
D:6 ?   D:8 *

Annotations:
D:8 3 runed translucent doors, Nelsoonmonsoon's ghost, novice HOFi; drugrobin's ghost, novice DgWr


Innate Abilities, Weirdness & Mutations

You cannot wear most types of armour.
You are amphibious.
You can wear up to eight rings at the same time.
Your skin changes colour to match your surroundings (Stealth+).
Your rubbery body absorbs attacks. (AC +1, EV +1)
((You are camouflaged when in or above water. (Stealth+)))
You have tentacles for arms and can constrict up to eight enemies at once.
One of your tentacles bears a spike.
You possess an exceptional clarity of mind.
Your mind is acute. (Int +2)
You are clumsy. (Dex -2)
Your flesh is heat resistant. (rF+)
You are frail. (-10% HP)
You are somewhat resistant to further mutation.
Potions are less effective at restoring your health.


Message History

You hear an angry hiss. x2
There is a stone staircase leading down here.
The killer bee closely misses you. The killer bee stings you.
The killer bee completely misses you. The killer bee misses you.
The killer bee closely misses you.
You climb downwards.
The orc shouts!
The gnoll shouts! x2; You hear a shout! x4
Found a dagger.
There is a stone staircase leading up here.
Found 17 stones.
The killer bee closely misses you. The killer bee stings you.
You are poisoned.
The killer bee poisons you! The killer bee stings you.
You are more poisoned.
The killer bee poisons you! The killer bee stings you.
You are lethally poisoned!
The killer bee poisons you! The killer bee misses you.
* * * LOW HITPOINT WARNING * * *
You feel very sick. The killer bee misses you.
The killer bee barely misses you.
Your system partially rejects the healing.
You feel better. The killer bee stings you.
* * * LOW HITPOINT WARNING * * *
The killer bee stings you!
* * * LOW HITPOINT WARNING * * *
You are lethally poisoned!
The killer bee poisons you! The killer bee closely misses you. x2
The killer bee misses you.
Your system partially rejects the healing.
You feel better. The killer bee barely misses you. The killer bee stings you!
* * * LOW HITPOINT WARNING * * *
You are poisoned.
The killer bee poisons you! The killer bee stings you.
* * * LOW HITPOINT WARNING * * *
Xom thinks this is hilarious!
The killer bee completely misses you. The killer bee misses you.
The killer bee stings you but does no damage.
Your system partially rejects the healing.
You feel better. The killer bee stings you!
You die...
Xom is highly amused!

#.. ....... #...
....g.g
#...####.......
.....#........
.........gg.##
...........##
#..........
##y<.......
#@y........
#......y.......#
#.......##o..###
#.......## .....
...##.... .#...#
.. ..... #.o.# #
...... ...
...(....


You could see a gnoll shaman (wandering), 3 killer bees, 2 gnolls and an orc.

Vanquished Creatures
  Harold (D:6)
  Erica (D:8)
  An elephant (D:8)
  A gargoyle (D:6)
  Sigmund (D:6)
  A wyvern (D:8)
  Menkaure (D:4)
  A water moccasin (D:5)
  2 orc warriors
  A sky beast (D:8)
  A black bear (D:6)
  A necrophage (D:6)
  An ogre (D:6)
  A centaur (D:8)
  A kobold brigand (D:6)
  Blork the orc (D:4)
  3 bullfrogs
  2 scorpions (D:6)
  A wyvern skeleton (D:6)
  A water moccasin skeleton (D:7)
  A centaur zombie (D:8)
  2 howler monkeys (D:6)
  A crimson imp (D:6)
  2 bullfrog zombies
  A hound (D:6)
  2 jellies
  4 orc priests
  A centaur skeleton (D:6)
  A gnoll shaman (D:7)
  2 iguanas (D:5)
  6 orc wizards
  A killer bee zombie (D:8)
  A hound zombie (D:5)
  A hound skeleton (D:6)
  A howler monkey zombie (D:6)
  Robin (D:4)
  11 gnolls
  7 adders
  2 white imps (D:6)
  An ufetubus (D:6)
  3 worms
  A dart slug (D:1)
  22 orcs
  3 bats
  8 endoplasms
  3 giant cockroaches (D:1)
  20 goblins
  11 hobgoblins
  4 quokkas
  5 ball pythons
  A frilled lizard (D:1)
  5 kobolds
  8 rats
167 creatures vanquished.

Vanquished Creatures (collateral kills)
  A water moccasin (D:5)
  2 gnolls (D:2)
  A frilled lizard (D:2)
4 creatures vanquished.

Vanquished Creatures (others)
  A sky beast (D:6)
  A jelly (D:6)
  3 plants
5 creatures vanquished.

Grand Total: 176 creatures vanquished

Notes
Turn   | Place    | Note
-------+----------+-------------------------------------------
     0 | D:1      | Zeldest the Octopode Chaos Knight began the quest for the
                  | Orb.
     0 | D:1      | Reached XP level 1. HP: 16/16 MP: 1/1
    31 | D:1      | Reached XP level 2. HP: 17/21 MP: 2/2
   471 | D:1      | XOM: confuse monster(s)
   486 | D:1      | XOM: noise
   497 | D:1      | Reached XP level 3. HP: 8/26 MP: 3/3
   678 | D:1      | XOM: silly message
   693 | D:1      | XOM: noise
   766 | D:1      | XOM: butterfly on damage
   775 | D:1      | XOM: give mutations
   775 | D:1      | Gained mutation: You are clumsy. (Dex -2) [Xom's mischief]
   775 | D:1      | Gained mutation: You are dopey. (Int -2) [Xom's mischief]
   775 | D:1      | Gained mutation: You are very clumsy. (Dex -4) [Xom's
                  | mischief]
   775 | D:1      | Lost mutation: You are dopey. (Int -2) [Xom's mischief]
   803 | D:1      | XOM: god gift: 3 glowing amethyst potions {god gift}
  1015 | D:1      | XOM: give mutation
  1015 | D:1      | Gained mutation: You occasionally shout uncontrollably at
                  | your foes. [Xom's mischief]
  1122 | D:2      | Noticed a shining eye
  1133 | D:2      | Found a faded altar of an unknown god.
  1135 | D:2      | Noticed a shining eye
  1136 | D:2      | Noticed a floating eye
  1136 | D:2      | Noticed a shining eye
  1378 | D:2      | XOM: noise
  1386 | D:2      | XOM: enchant monster (good)
  1389 | D:2      | Reached XP level 4. HP: 18/33 MP: 4/4
  1390 | D:2      | XOM: summons 4 friendly demons
  1614 | D:2      | Found a shimmering blue altar of Sif Muna.
  1731 | D:2      | Reached skill level 1 in Throwing
  1896 | D:2      | XOM: noise
  2096 | D:2      | Lost mutation: You occasionally shout uncontrollably at
                  | your foes. [potion of mutation]
  2096 | D:2      | Lost mutation: You are very clumsy. (Dex -4) [potion of
                  | mutation]
  2096 | D:2      | Gained mutation: Potions are less effective at restoring
                  | your health. [potion of mutation]
  2096 | D:2      | Gained mutation: One of your tentacles bears a spike.
                  | [potion of mutation]
  2096 | D:2      | Gained mutation: You are frail. (-10% HP) [potion of
                  | mutation]
  2154 | D:3      | Reached XP level 5. HP: 31/33 MP: 5/5
  2757 | D:3      | XOM: 7-stop teleportation journey
  3112 | D:4      | Noticed Blork the orc
  3121 | D:4      | Killed Blork the orc
  3133 | D:4      | Noticed Robin
  3150 | D:4      | Reached XP level 6. HP: 38/38 MP: 6/6
  3156 | D:4      | Killed Robin
  3189 | D:4      | Noticed Menkaure
  3189 | D:4      | XOM: scenery: summon butterflies
  3191 | D:4      | XOM: confuse monster(s)
  3201 | D:4      | Killed Menkaure
  3231 | D:4      | XOM: god gift: Ozocubu's Autobiography
  3692 | D:5      | Entered Level 5 of the Dungeon
  3903 | D:5      | XOM: cloud trail
  4020 | D:5      | Found a hide-covered altar of Uskayaw.
  4161 | D:5      | Reached skill level 1 in Ice Magic
  4195 | D:5      | Reached XP level 7. HP: 11/40 MP: 7/7
  4197 | D:5      | HP: 2/40 [something/magic dart (10)]
  4385 | D:5      | XOM: 4-stop teleportation journey
  4459 | D:5      | Reached skill level 2 in Ice Magic
  4822 | D:5      | Reached skill level 5 in Fighting
  4986 | D:5      | XOM: god gift: scroll labelled KEW EJICEFUITI {god gift}
  4990 | D:5      | Found a staircase to the Ecumenical Temple.
  5148 | D:5      | XOM: summons 6 friendly demons
  5159 | D:5      | Reached skill level 5 in Long Blades
  5161 | D:5      | HP: 2/45 [poisoned by a water moccasin]
  5456 | D:5      | XOM: cloud trail
  5612 | D:5      | XOM: potion effect (might)
  5614 | D:5      | XOM: confuse monster(s)
  5618 | D:5      | Reached skill level 3 in Ice Magic
  5623 | D:5      | XOM: enchant monster (good)
  5626 | D:5      | Reached XP level 8. HP: 28/49 MP: 8/8
  5727 | D:5      | XOM: give mutations
  5727 | D:5      | Gained mutation: Your flesh is heat resistant. (rF+) [Xom's
                  | grace]
  5727 | D:5      | Gained mutation: You have a pair of small antennae on your
                  | head. [Xom's grace]
  5727 | D:5      | Gained mutation: Your mind is acute. (Int +2) [Xom's grace]
  5727 | D:5      | Gained mutation: You possess an exceptional clarity of
                  | mind. [Xom's grace]
  5837 | D:6      | Noticed a gargoyle
  5855 | D:6      | Killed a gargoyle
  5856 | D:6      | Reached skill level 5 in Dodging
  5856 | D:6      | Reached skill level 4 in Ice Magic
  5875 | D:6      | XOM: divination: magic mapping
  5897 | D:6      | XOM: silly message
  5964 | D:6      | XOM: divination: detect items
  6283 | D:6      | XOM: divination: detect creatures
  6292 | D:6      | XOM: silly message
  6584 | D:6      | XOM: smoke on damage
  6606 | D:6      | Reached skill level 5 in Ice Magic
  6865 | D:6      | Found a burning altar of Makhleb.
  6869 | D:6      | Identified the +11 war axe "Xohaab" {flame, rN+}
  7078 | D:6      | Reached XP level 9. HP: 46/55 MP: 9/9
  7359 | D:6      | Noticed Sigmund
  7366 | D:6      | Learned a level 3 spell: Ozocubu's Armour
  7379 | D:6      | Killed Sigmund
  7572 | D:6      | Found Voxeenla's Magic Scroll Emporium.
  7582 | D:6      | Bought 3 scrolls of teleportation for 99 gold pieces
  7684 | D:6      | Reached skill level 6 in Ice Magic
  8054 | D:7      | Noticed Harold
  8265 | D:7      | XOM: enchant monster (good)
  8268 | D:7      | XOM: summons 9 friendly demons
  8329 | D:6      | XOM: cast spell 'Summon Dragon'
  8333 | D:6      | Killed Harold
  8621 | D:6      | Reached skill level 7 in Ice Magic
  9085 | D:7      | XOM: noise
  9296 | D:7      | Found a basalt altar of Yredelemnul.
  9785 | D:7      | XOM: give mutations
  9785 | D:7      | Lost mutation: You have a pair of small antennae on your
                  | head. [Xom's mischief]
  9785 | D:7      | Gained mutation: You are very frail. (-20% HP) [Xom's
                  | mischief]
  9785 | D:7      | Gained mutation: You are somewhat resistant to further
                  | mutation. [Xom's mischief]
  9785 | D:7      | Lost mutation: You are very frail. (-20% HP) [Xom's
                  | mischief]
  9846 | D:8      | Found a staircase to the Lair.
  9846 | D:8      | Noticed an elephant
  9908 | D:8      | Noticed Erica
  9911 | D:8      | Found Ostryalu's Assorted Antiques.
  9917 | D:8      | Reached XP level 10. HP: 13/63 MP: 10/10
  9918 | D:8      | XOM: silly message
  9938 | D:7      | XOM: summons friendly soul eater
 10218 | D:8      | XOM: summons friendly iron imp
 10245 | D:8      | Killed an elephant
 10511 | D:8      | Killed Erica
 10512 | D:8      | Reached skill level 8 in Ice Magic
 10749 | D:7      | XOM: summons 1 hostile demon
 10867 | D:8      | Bought a scroll of blinking for 247 gold pieces
 10873 | D:8      | Found a runed translucent gate.
 10874 | D:8      | Found a runed translucent gate.
 10876 | D:8      | Found a runed translucent gate.
 10877 | D:8      | Noticed drugrobin's ghost (novice DgWr)
 10877 | D:8      | Noticed Nelsoonmonsoon's ghost (novice HOFi)
 10902 | D:9      | HP: 1/64 [killer bee (5)]
 10903 | D:9      | Slain by a killer bee

Illustrated notes

Levels and vault maps discovered:
D:1:      dpeg_arrival_ratfight, layout_rooms
D:2:      layout_loops_corners, hellmonk_ecumenical_altar_watching_god,
          basic_altar, minmay_misc_feat_four_crosses, minmay_misc_feat_pillars
D:3:      layout_basic, serial_bayou, serial_bayou_pond_d,
          serial_bayou_lagoon_a, serial_bayou_shore_a, serial_bayou_pond_c
D:4:      layout_loops_ring, uniq_blork_the_orc, uniq_menkaure, uniq_robin
D:5:      layout_basic, eat_drink_and_be_merry_uskayaw, temple_statues
D:6:      hangedman_cross_stitches, layout_basic, makhleb_blood_cavern_becter,
          serial_shops, shop, minmay_fire_ice_demons, uniq_sigmund
D:7:      layout_rooms, mainiacjoe_overflow_alcove_4, st_stairs_11, uniq_harold
D:8:      layout_cave_pools, david_lair_generic, serial_shops,
          nicolae_shop_crystal, gammafunk_ghost_cemetery, uniq_erica
D:9:      layout_cave_pools, gammafunk_temple_overflow_pools,
          grunt_qazlal_sundering, serial_shops, shop, grunt_ministairs_11

Skill      XL: |  1  2  3  4  5  6  7  8  9 10 |
---------------+-------------------------------+-----
Dodging        | 3 4 5 6 7 |  7.4
Throwing       | 1 2 |  2.5
Fighting       | 4 5 6 7 |  7.7
Long Blades    | 4 5 6 7 |  7.6
Ice Magic      | 1 3 5 7 8 |  8.1

Action                   |  1- 3 |  4- 6 |  7- 9 | 10-12 || total
-------------------------+-------+-------+-------+-------++-------
Melee: Falchion          |    51 |     3 |     5 |       ||    59
       Constrict         |    20 |    27 |    52 |     6 ||   105
       Tentacles         |    17 |    27 |    69 |    12 ||   125
       Punch             |     4 |     4 |     5 |     2 ||    15
       Dagger            |    52 |   121 |   204 |    29 ||   406
       Kick              |       |    36 |   106 |    22 ||   164
       Scimitar          |       |       |       |    10 ||    10
Throw: Dart              |       |       |     6 |       ||     6
 Cast: Ozocubu's Armour  |       |       |     2 |       ||     2
Evoke: Wand              |       |       |     4 |     3 ||     7
  Use: Potion            |     2 |     8 |     7 |     3 ||    20
       Scroll            |       |       |    22 |       ||    22
 Stab: Sleeping          |     4 |     3 |     3 |       ||    10
       Distracted        |     1 |       |       |       ||     1
       Confused          |       |     1 |       |       ||     1
       Invisible         |       |       |     3 |     1 ||     4
Armor: Skin              |    19 |    31 |    30 |     2 ||    82
Dodge: Dodged            |    82 |    68 |   200 |    45 ||   395

Table legend: (Time is in decaauts)
 A = Elapsed time spent in this place.
 B = Non-inter-level travel time spent in this place.
 C = Inter-level travel time spent in this place.
 D = Time resting spent in this place.
 E = Time spent auto-exploring this place.
 F = Levels seen in this place.
 G = Mean time per level.
                   A        B        C        D        E       F      G
               +--------+--------+--------+--------+--------+-----+--------+
         Total |  10873 |  10678 |    195 |   5167 |   3998 |   9 | 1208.1 |
       Dungeon |  10873 |  10678 |    195 |   5167 |   3998 |   9 | 1208.1 |
               +--------+--------+--------+--------+--------+-----+--------+

Top non-repeatable levels by time:
     D:6: 3339 daAuts
     D:5: 2093 daAuts
     D:7: 1411 daAuts
     D:2: 1084 daAuts
     D:1: 1055 daAuts
     D:3: 871 daAuts
     D:4: 675 daAuts
     D:8: 336 daAuts
     D:9: 4 daAuts
